AoeStats
← 739697286

Nomad

508211558Analyzed
4v4 RM · 12d ago on Sep 21, 2026· 51m 57s· 8 players
Game mode
Random Map
Map size
231×231
Population
200
Speed
Normal
Resources
Standard
Victory
Conquest
Starting age
Dark Age
Ending age
Imperial Age
RankedLock teamsTeams togetherTeam positionsShared explorationLock speedFull tech treeHidden civsTurbo modeCheats
Victory
Defeat
🇨🇳 Huns · China
1571
+12
🇨🇳 Sicilians · China
1496
+15
🇨🇳 Lithuanians · China
1428
+18
🇨🇳 Byzantines · China
1398
+19
🇧🇷 Ethiopians · Brazil
1499
-17
🇹🇷 Khmer · Türkiye
1494
-17
🇨🇳 Bulgarians · China
1457
-15
🇺🇸 Malians · United States
1455
-15
EoK_pr1ston
5:07 Loom
14:01 Feudal Age
16:10 Fletching
21:07 Castle Age
22:02 Medium Warships
21:54 Bodkin Arrow
22:13 Double-Bit Axe
27:30 Bow Saw
30:28 Horse Collar
37:24 Imperial Age
35:29 Scale Mail Armor
35:41 Forging
37:28 Squires
37:44 Chain Mail Armor
37:46 Halberdier
39:44 Plate Mail Armor
40:15 Wheelbarrow
41:14 Iron Casting
42:15 Chemistry
44:26 Blast Furnace
45:13 Bracer
46:16 Padded Archer Armor
46:42 Ballistics
46:16 Crossbowman
47:59 Leather Archer Armor
48:45 Conscription
48:54 Thumb Ring
48:25 Arbalester
50:36 Ring Archer Armor
Apep
4:52 Loom
16:35 Feudal Age
20:00 Castle Age
17:41 Fishing Lines
19:11 Double-Bit Axe
19:45 Gold Mining
22:08 Bow Saw
22:43 Medium Warships
25:51 Sanctity
24:56 Pikeman
31:11 Imperial Age
31:06 Forging
31:18 Scale Mail Armor
32:43 Wheelbarrow
33:42 Halberdier
36:24 Horse Collar
38:01 Iron Casting
39:33 Blast Furnace
42:52 Elite Skirmisher
44:04 Heavy Plow
46:41 Fletching
46:28 Crossbowman
47:44 Bodkin Arrow
48:47 Padded Archer Armor
50:07 Chemistry
迷路将军
8:45 Loom
14:29 Feudal Age
17:17 Arson
22:06 Castle Age
20:04 Horse Collar
21:20 Double-Bit Axe
22:16 Gold Mining
22:46 Scale Barding Armor
42:29 Forging
44:54 Iron Casting
50:23 Imperial Age
48:13 Squires
48:58 Gold Shaft Mining
48:41 Heavy Plow
50:35 Chain Barding Armor
50:56 Scale Mail Armor
UBERstrats
5:08 Loom
14:56 Feudal Age
16:52 Double-Bit Axe
19:28 Castle Age
17:34 Gold Mining
17:54 Scale Mail Armor
18:11 Forging
21:03 Chain Mail Armor
21:24 Iron Casting
22:01 Squires
21:46 Arson
22:39 Town Watch
25:29 Bow Saw
33:05 Horse Collar
38:03 Fletching
42:12 Heavy Plow
43:55 Wheelbarrow
44:46 Bodkin Arrow
47:25 Ballistics
49:44 Masonry
49:32 Murder Holes
51:09 Hand Cart
雀巢阿帆
12:52 Loom
14:39 Feudal Age
19:57 Castle Age
18:10 Fishing Lines
20:40 Double-Bit Axe
21:46 Bow Saw
23:18 Gold Mining
23:38 Horse Collar
25:37 Husbandry
25:44 Scale Barding Armor
27:52 Wheelbarrow
31:49 Imperial Age
29:27 Gillnets
30:09 Heavy Plow
30:33 Chain Barding Armor
31:32 Forging
32:43 Gold Shaft Mining
34:05 Conscription
35:28 Chemistry
35:45 Plate Barding Armor
38:34 Padded Archer Armor
38:36 Squires
49:32 Treadmill Crane
真的很弱
13:19 Feudal Age
12:05 Loom
16:55 Castle Age
14:51 Town Watch
15:15 Scale Barding Armor
15:06 Double-Bit Axe
18:07 Fishing Lines
21:52 Horse Collar
22:38 Gillnets
24:20 Bow Saw
26:16 Wheelbarrow
29:23 Chain Barding Armor
32:56 Imperial Age
31:27 Bloodlines
31:18 Husbandry
31:32 Forging
31:45 Heavy Plow
32:52 Iron Casting
32:17 Treadmill Crane
32:48 Masonry
32:55 Hand Cart
34:04 Conscription
34:42 Plate Barding Armor
35:23 Elite Leitis
39:27 Fletching
40:28 Hoardings
40:09 Murder Holes
43:31 Chemistry
42:28 Bodkin Arrow
42:33 Padded Archer Armor
43:32 Bracer
44:29 Leather Archer Armor
46:28 Ring Archer Armor
49:19 Guilds
49:42 Coinage
50:14 Two-Man Saw
51:50 Banking
shenxu
4:29 Loom
14:34 Feudal Age
18:12 Castle Age
16:36 Double-Bit Axe
19:14 Bow Saw
19:37 Medium Warships
21:02 Horse Collar
21:05 Fishing Lines
23:15 Forging
39:17 Wheelbarrow
39:44 Fletching
40:51 Bodkin Arrow
44:11 Imperial Age
42:20 Gold Mining
43:15 Thumb Ring
43:46 Husbandry
43:57 Bloodlines
44:12 Padded Archer Armor
44:49 Hand Cart
44:20 Town Watch
44:54 Bracer
46:07 Chemistry
45:56 Heavy Cavalry Archer
48:13 Conscription
47:22 Light Cavalry
48:54 Scale Barding Armor
49:21 Parthian Tactics
50:03 Chain Barding Armor
49:04 Hussar
51:48 Plate Barding Armor
52:50 Iron Casting
52:48 Ballistics
739697286
5:35 Loom
15:33 Feudal Age
19:15 Castle Age
38:03 Scale Mail Armor
38:13 Forging
38:03 Scale Mail Armor
38:13 Forging
38:03 Scale Mail Armor
38:13 Forging
38:03 Scale Mail Armor
38:13 Forging
38:03 Scale Mail Armor
38:13 Forging
38:04 Scale Mail Armor
38:14 Forging
48:29 Horse Collar
50:03 Wheelbarrow
50:04 Forging
Connection lost

Rejoining the realm…

Still unreachable

The connection could not be restored.

Session expired

The server has moved on; the page needs a fresh start.